TOP OF THE 1ST |
Pure Michigan Great Lakers batting - Pitching for Calgary Lynx : RHP Ánibal Sánchez
|
Pitching: RHP Ánibal Sánchez
|
|
Batting: RHB Eric D'Angle
|
0-0: Foul Ball, location: 2F 0-1: Ball 1-1: Fly out, F8 (Popup, 8RS)
|
Batting: RHB Adrian Barr
|
0-0: Ball 1-0: Ball 2-0: Ball 3-0: Called Strike 3-1: Foul Ball, location: 2F 3-2: Fly out, F9 (Flyball, 9M)
|
Batting: RHB Manny Hernández
|
0-0: Ball 1-0: Swinging Strike 1-1: Ball 2-1: Fly out, F9 (Flyball, 89S)
|
Top of the 1st over - 0 run(s), 0 hit(s), 0 error(s), 0 left on base; Pure Michigan 0 - Calgary 0 |
BOTTOM OF THE 1ST |
Calgary Lynx batting - Pitching for Pure Michigan Great Lakers : RHP Victor Benton
|
Pitching: RHP Victor Benton
|
|
Batting: RHB Alfredo Méndez
|
0-0: Ball 1-0: Called Strike 1-1: Ball 2-1: Swinging Strike 2-2: Foul Ball, location: 2F 2-2: SINGLE (Line Drive, 89M)
|
Batting: SHB Todd Schenkel
|
0-0: Ball 1-0: Fly out, F8 (Popup, 8LS)
|
Batting: LHB Héctor Cortéz
|
0-0: Called Strike 0-1: Called Strike 0-2: Ball 1-2: Ball 2-2: Ball 3-2: Base on Balls Alfredo Méndez to second
|
Batting: LHB Rufo Flores
|
0-0: Foul Ball, location: 2F 0-1: Called Strike 0-2: Reached on error, E1 (Groundball, 15) Alfredo Méndez to third Héctor Cortéz to second
|
Batting: SHB Eric O'Neill
|
0-0: Ball 1-0: SINGLE (Groundball, 6M) Alfredo Méndez scores Héctor Cortéz to third Rufo Flores to second Runner from 3rd tries for Home, SAFE, no throw or cutoff
|
Batting: RHB John Huff
|
0-0: Ball 1-0: Called Strike 1-1: Called Strike 1-2: Grounds into double play, 4-6-3 (Groundball, 34)
|
Bottom of the 1st over - 2 run(s), 2 hit(s), 1 error(s), 1 left on base; Pure Michigan 0 - Calgary 2 |
TOP OF THE 2ND |
Pure Michigan Great Lakers batting - Pitching for Calgary Lynx : RHP Ánibal Sánchez
|
Batting: RHB Henry Potts
|
0-0: Fly out, F5 (Line Drive, 56)
|
Batting: RHB Jason Shaffer
|
0-0: Swinging Strike 0-1: Ground out 6-3 (Groundball, 6)
|
Batting: RHB Shi-young Chang
|
0-0: SINGLE (Groundball, 4M)
|
Batting: LHB Jesús Pérez
|
0-0: Ball 1-0: SINGLE (Line Drive, 8LS) Shi-young Chang to second
|
Batting: RHB Bill McCarty
|
0-0: Ground out 4-3 (Groundball, 34)
|
Top of the 2nd over - 0 run(s), 2 hit(s), 0 error(s), 2 left on base; Pure Michigan 0 - Calgary 2 |
BOTTOM OF THE 2ND |
Calgary Lynx batting - Pitching for Pure Michigan Great Lakers : RHP Victor Benton
|
Batting: SHB Tom Craft
|
0-0: Called Strike 0-1: Ball 1-1: Ground out 3-1 (Groundball, 34S)
|
Batting: RHB Tom Carlson
|
0-0: Ball 1-0: SINGLE (Flyball, 78S)
|
Batting: RHB Jim Browning
|
0-0: Ball 1-0: Ball 2-0: Ball 3-0: Base on Balls Tom Carlson to second
|
Batting: RHB Alfredo Méndez
|
0-0: Ball 1-0: SINGLE (Groundball, 6D) Tom Carlson to third Jim Browning to second
|
Batting: SHB Todd Schenkel
|
0-0: Called Strike 0-1: Foul Ball, location: 2F 0-2: Ball 1-2: Ball 2-2: Fly out, F6 (Line Drive, 6) 2-2: Fly out, F6 (Line Drive, 6)
|
Batting: LHB Héctor Cortéz
|
0-0: Called Strike 0-1: Ball 1-1: Called Strike 1-2: Ground out 4-3 (Groundball, 4)
|
Bottom of the 2nd over - 0 run(s), 2 hit(s), 0 error(s), 3 left on base; Pure Michigan 0 - Calgary 2 |
TOP OF THE 3RD |
Pure Michigan Great Lakers batting - Pitching for Calgary Lynx : RHP Ánibal Sánchez
|
Batting: RHB Greg Hart
|
0-0: Swinging Strike 0-1: Called Strike 0-2: Ball 1-2: Fly out, F7 (Flyball, 7D)
|
Batting: RHB Eric D'Angle
|
0-0: Called Strike 0-1: Foul Ball, location: 2F 0-2: Ball 1-2: Ground out 6-3 (Groundball, 56)
|
Batting: RHB Adrian Barr
|
0-0: Ball 1-0: Foul Ball, location: 2F 1-1: Ground out 4-3 (Groundball, 4M)
|
Top of the 3rd over - 0 run(s), 0 hit(s), 0 error(s), 0 left on base; Pure Michigan 0 - Calgary 2 |
BOTTOM OF THE 3RD |
Calgary Lynx batting - Pitching for Pure Michigan Great Lakers : RHP Victor Benton
|
Batting: LHB Rufo Flores
|
0-0: Ball 1-0: Fly out, F8 (Flyball, 8LS)
|
Batting: SHB Eric O'Neill
|
0-0: Ball 1-0: SINGLE (Groundball, 34D)
|
Batting: RHB John Huff
|
0-0: Ball 1-0: 2-RUN HOME RUN (Flyball, 7D), Distance : 385 ft
|
Batting: SHB Tom Craft
|
0-0: Ball 1-0: Ball 2-0: Ground out 4-3 (Groundball, 4)
|
Batting: RHB Tom Carlson
|
0-0: Fly out, F8 (Flyball, 8LD)
|
Bottom of the 3rd over - 2 run(s), 2 hit(s), 0 error(s), 0 left on base; Pure Michigan 0 - Calgary 4 |
BOTTOM OF THE 4TH |
Calgary Lynx batting - Pitching for Pure Michigan Great Lakers : RHP Victor Benton
|
Batting: RHB Jim Browning
|
0-0: Ball 1-0: Ball 2-0: Ball 3-0: Base on Balls
|
Batting: RHB Alfredo Méndez
|
0-0: Swinging Strike 0-1: Ball 1-1: Ball 2-1: Foul Ball, location: 2F 2-2: SINGLE (Line Drive, 78S) Jim Browning to second
|
Batting: SHB Todd Schenkel
|
0-0: Ball 1-0: Ball 2-0: Foul Ball, location: 2F 2-1: Foul Ball, location: 2F 2-2: Foul Ball, location: 2F 2-2: 3-RUN HOME RUN (Flyball, 9D), Distance : 359 ft
|
Pitching: RHP Bill Amey
|
|
Batting: LHB Héctor Cortéz
|
0-0: Fly out, F8 (Flyball, 8RXD)
|
Batting: LHB Rufo Flores
|
0-0: Ball 1-0: Ball 2-0: Foul Ball, location: 2F 2-1: Foul Ball, location: 2F 2-2: Foul Ball, location: 2F 2-2: Ground out 4-3 (Groundball, 4)
|
Batting: SHB Eric O'Neill
|
0-0: Ball 1-0: Ground out 6-3 (Groundball, 6M)
|
Bottom of the 4th over - 3 run(s), 2 hit(s), 0 error(s), 0 left on base; Pure Michigan 2 - Calgary 7 |
TOP OF THE 5TH |
Pure Michigan Great Lakers batting - Pitching for Calgary Lynx : RHP Ánibal Sánchez
|
Batting: RHB Bill McCarty
|
0-0: Ball 1-0: Called Strike 1-1: Ground out 1-3 (Groundball, 23)
|
Batting: RHB Greg Hart
|
0-0: Foul Ball, location: 2F 0-1: Swinging Strike 0-2: Strikes out looking
|
Batting: RHB Eric D'Angle
|
0-0: Ball 1-0: Ground out 6-3 (Groundball, 6)
|
Top of the 5th over - 0 run(s), 0 hit(s), 0 error(s), 0 left on base; Pure Michigan 2 - Calgary 7 |
BOTTOM OF THE 5TH |
Calgary Lynx batting - Pitching for Pure Michigan Great Lakers : RHP Bill Amey
|
Batting: RHB John Huff
|
0-0: Foul Ball, location: 2F 0-1: Ball 1-1: Swinging Strike 1-2: Hit by Pitch
|
Batting: SHB Tom Craft
|
0-0: Bunted foul 0-1: Bunted foul 0-2: Foul Ball, location: 2F 0-2: Strikes out looking
|
Batting: RHB Tom Carlson
|
0-0: Ball 1-0: Foul Ball, location: 2F 1-1: Ball 2-1: Ball 3-1: Base on Balls John Huff to second
|
Batting: RHB Jim Browning
|
0-0: Ball Tom Carlson steals 2nd base John Huff to third 1-0: Ball 2-0: Fly out, F4 (Popup, 4M)
|
Batting: RHB Alfredo Méndez
|
0-0: Called Strike 0-1: Ball 1-1: Foul Ball, location: 2F 1-2: Strikes out swinging
|
Bottom of the 5th over - 0 run(s), 0 hit(s), 0 error(s), 2 left on base; Pure Michigan 2 - Calgary 7 |
TOP OF THE 6TH |
Pure Michigan Great Lakers batting - Pitching for Calgary Lynx : RHP Ánibal Sánchez
|
Batting: RHB Adrian Barr
|
0-0: Ball 1-0: Ball 2-0: SINGLE (Line Drive, 34D)
|
Batting: RHB Manny Hernández
|
0-0: Foul Ball, location: 2F 0-1: Ball 1-1: Swinging Strike 1-2: Ball 2-2: Ball 3-2: Base on Balls Adrian Barr to second
|
Batting: RHB Henry Potts
|
0-0: Swinging Strike 0-1: Foul Ball, location: 2F 0-2: Strikes out looking
|
Batting: RHB Jason Shaffer
|
0-0: Ball 1-0: Ball 2-0: Called Strike 2-1: Ball 3-1: Foul Ball, location: 2F 3-2: Grounds into double play, 6-4-3 (Groundball, 6)
|
Top of the 6th over - 0 run(s), 1 hit(s), 0 error(s), 1 left on base; Pure Michigan 2 - Calgary 7 |
BOTTOM OF THE 6TH |
Calgary Lynx batting - Pitching for Pure Michigan Great Lakers : RHP Bill Amey
|
Batting: SHB Todd Schenkel
|
0-0: Ball 1-0: Called Strike 1-1: Called Strike 1-2: Ball 2-2: Foul Ball, location: 2F 2-2: Ball 3-2: Ground out U3 (Groundball, 3)
|
Pitching: RHP Jim Unknown
|
|
Batting: LHB Héctor Cortéz
|
0-0: Ball 1-0: Ground out U3 (Groundball, 3S)
|
Batting: LHB Rufo Flores
|
0-0: Ball 1-0: Ball 2-0: Ground out 5-3 (Groundball, 5S)
|
Bottom of the 6th over - 0 run(s), 0 hit(s), 0 error(s), 0 left on base; Pure Michigan 2 - Calgary 7 |
TOP OF THE 7TH |
Pure Michigan Great Lakers batting - Pitching for Calgary Lynx : RHP Ánibal Sánchez
|
Batting: RHB Shi-young Chang
|
0-0: Swinging Strike 0-1: Ball 1-1: Swinging Strike 1-2: Ball 2-2: Ball 3-2: Foul Ball, location: 2F 3-2: Strikes out looking
|
Batting: LHB Jesús Pérez
|
0-0: Ground out 3-1 (Groundball, 34S)
|
Batting: RHB Bill McCarty
|
0-0: Swinging Strike 0-1: Swinging Strike 0-2: Ball 1-2: Strikes out swinging
|
Top of the 7th over - 0 run(s), 0 hit(s), 0 error(s), 0 left on base; Pure Michigan 2 - Calgary 7 |
BOTTOM OF THE 7TH |
Calgary Lynx batting - Pitching for Pure Michigan Great Lakers : RHP Jim Unknown
|
Batting: SHB Eric O'Neill
|
0-0: Called Strike 0-1: Foul Ball, location: 2F 0-2: Strikes out looking
|
Batting: RHB John Huff
|
0-0: Foul Ball, location: 2F 0-1: Fly out, F9 (Popup, 4D)
|
Batting: SHB Tom Craft
|
0-0: Foul Ball, location: 2F 0-1: Ball 1-1: Foul Ball, location: 2F 1-2: Ball 2-2: Ball 3-2: Strikes out swinging
|
Bottom of the 7th over - 0 run(s), 0 hit(s), 0 error(s), 0 left on base; Pure Michigan 2 - Calgary 7 |
TOP OF THE 8TH |
Pure Michigan Great Lakers batting - Pitching for Calgary Lynx : RHP Ánibal Sánchez
|
Batting: RHB Greg Hart
|
0-0: Ball 1-0: SINGLE (Groundball, 56D)
|
Batting: RHB Eric D'Angle
|
0-0: Ball 1-0: Ball 2-0: Fielders Choice at 2nd, 5-4 (Groundball, 56)
|
Batting: RHB Adrian Barr
|
0-0: Called Strike 0-1: Ball 1-1: Grounds into double play, 2-4-3 (Groundball, 2L)
|
Top of the 8th over - 0 run(s), 1 hit(s), 0 error(s), 0 left on base; Pure Michigan 2 - Calgary 7 |
BOTTOM OF THE 8TH |
Calgary Lynx batting - Pitching for Pure Michigan Great Lakers : RHP Jim Unknown
|
Batting: RHB Tom Carlson
|
0-0: Swinging Strike 0-1: Foul Ball, location: 2F 0-2: Foul Ball, location: 2F 0-2: Ground out 5-3 (Groundball, 56)
|
Batting: RHB Jim Browning
|
0-0: Called Strike 0-1: Ball 1-1: Ball 2-1: Fly out, F8 (Flyball, 8RS)
|
Batting: RHB Alfredo Méndez
|
0-0: Ball 1-0: Foul Ball, location: 2F 1-1: Ball 2-1: Called Strike 2-2: Ball 3-2: Ground out 1-3 (Groundball, 23)
|
Bottom of the 8th over - 0 run(s), 0 hit(s), 0 error(s), 0 left on base; Pure Michigan 2 - Calgary 7 |
TOP OF THE 9TH |
Pure Michigan Great Lakers batting - Pitching for Calgary Lynx : RHP Ánibal Sánchez
|
Pitching: RHP Sean Brown
|
|
Batting: RHB Manny Hernández
|
0-0: Called Strike 0-1: Ground out 1-3 (Groundball, 15)
|
Batting: RHB Henry Potts
|
0-0: Ball 1-0: Called Strike 1-1: Foul Ball, location: 2F 1-2: Foul Ball, location: 2F 1-2: Ball 2-2: SINGLE (Groundball, 34D) (infield hit)
|
Batting: RHB Jason Shaffer
|
0-0: Ball 1-0: Ball 2-0: Ball 3-0: Base on Balls Henry Potts to second
|
Batting: RHB Shi-young Chang
|
0-0: Foul Ball, location: 2F 0-1: Called Strike 0-2: Ball 1-2: Ball 2-2: Foul Ball, location: 2F 2-2: Ball 3-2: 3-RUN HOME RUN (Flyball, 7D), Distance : 378 ft
|
Pitching: RHP Clancy McKinney
|
|
Batting: LHB Jesús Pérez
|
0-0: Ball 1-0: Called Strike 1-1: Ball 2-1: Ball 3-1: Foul Ball, location: 2F 3-2: Foul Ball, location: 2F 3-2: Foul Ball, location: 2F 3-2: Base on Balls
|
Batting: RHB Bill McCarty
|
0-0: Ball 1-0: Foul Ball, location: 2F 1-1: Foul Ball, location: 2F 1-2: Strikes out swinging
|
Batting: RHB Greg Hart
|
0-0: Swinging Strike 0-1: Ball Single, Error in OF, E7, batter to second base Jesús Pérez to third
|
Batting: RHB Eric D'Angle
|
0-0: Ball 1-0: Fly out, F2 (Popup, 23F)
|
Top of the 9th over - 3 run(s), 3 hit(s), 1 error(s), 2 left on base; Pure Michigan 5 - Calgary 7 |
|